cohdb
Replays
Latest Replays
All Replays
Popular Replays
Top Player Replays
Match Explorer
How It Works
Community
CoH3 Stats
Reddit
Sign in to upload your games and track your stats! →
Sign in with Steam
Match 35539787
Unlisted
Match 35539787
Overview
Messages
Build Orders
End
Construct Infanterie Kompanie
Selects Mechanized Battlegroup
Grenadier Squad
Grenadier Squad
GrW 34 Mortar Team
Grenadier Squad
Construct Luftwaffe Kompanie
Selects Spotting Scopes
Grenadier Squad
Medical Bunker
Construct Panzer Kompanie
Selects Wespe Self-propelled Artillery
Wespe Self-propelled Artillery
Luftwaffe Officer Quarters
Wespe Self-propelled Artillery
Flak 30 Anti-aircraft Gun Team
221 Scout Car
Sturmpanzer IV Brummbär
Selects Zeroing Artillery Barrage
Pioneer Squad
TENGLLY
Sisman
曾剃头
1027458663
DibbeTC
Mad Mac
Jonny Rook
Bocchinoko
0
0
Comments
sign in to comment!
No comments posted yet!